 Dungeon Crawl Stone Soup version 0.31-a0-112-gdf0485fa37 (webtiles) character file.

Game seed: 7898605876656974544

322147 FelidPro the Cloud Mage (level 21, 0/157 HPs)
             Began as an Octopode Air Elementalist on May 28, 2023.
             Was an Initiate of Gozag.
             Slain by a +0 halberd of pain (19 damage)
             ... on level 2 of the Elven Halls.
             The game lasted 04:36:24 (88083 turns).

FelidPro the Cloud Mage (OpAE)                     Turns: 88083, Time: 04:36:24

Health: 0/157      AC:  4    Str:  3    XL:     21   Next: 54%
Magic:  6/43       EV: 37    Int: 40    God:    Gozag
Gold:   2266       SH:  8    Dex: 23    Spells: 16/57 levels left

rFire   + + +        L - staff of fire "Civvumor" {rF+ rCorr Str-5 SInv}
rCold   + + .        i - +2 buckler
rNeg    . . .        S - +1 hat {Stlth+}
rPois   +            c - amulet "Dapoixu" {RegenMP rF+ Dex+3}
rElec   +            x - ring of protection from cold
rCorr   +            y - +6 ring of intelligence
SInv    +            e - ring of the Ban {Wiz rElec Dex+5}
Will    +++..        O - ring "Kuosid" {rC+ rCorr Int+6 Dex+3 Stlth-}
Stlth   +++++        n - ring of the Hare {EV+10}
HPRegen 0.46/turn    G - ring "Myame" {rPois rF+ Will+}
MPRegen 0.68/turn    u - ring of willpower
                     s - ring of the Octopus King {rCorr HP+2 AC+2 EV+2 SH+2}

%: wizardry (x1)
@: sluggish, hasted, studying Maces & Flails, quick
A: almost no armour, amphibious, 8 rings, camouflage 1, gelatinous body 1,
(nimble swimmer 1), tentacles
}: 2/15 runes: decaying, gossamer
a: Renounce Religion, Potion Petition, Call Merchant, Bribe Branch


You were on level 2 of the Elven Halls.
You worshipped Gozag.
Gozag was most pleased with you.
You visited 8 branches of the dungeon, and saw 38 of its levels.
You visited 1 bazaar.
You also visited: Trove, Sewer, Bailey, Ice Cave and Desolation.

You collected 17062 gold pieces.
You spent 4077 gold pieces at shops.
You paid 10719 gold pieces to Gozag.

Inventory:

Armour
 i - a +2 buckler (worn)
 S - a +1 hat of stealth (worn)
Magical Staves
 L - the staff of fire "Civvumor" (weapon) {rF+ rCorr Str-5 SInv}
   (You found it on level 5 of the Lair of Beasts)

   [staff of fire]

   Base accuracy: +5 Base damage: 5 Base attack delay: 1.2 This weapon's minimum
   attack delay (0.6) is reached at skill level 12.
   Str:       It affects your strength (-5).
   rF:        It protects you from fire.
   SInv:      It lets you see invisible.
   rCorr:     It protects you from acid and corrosion.
   It falls into the 'Staves' category.
   It is a one-tentacled weapon.
Jewellery
 c - the amulet "Dapoixu" (around mantle) {RegenMP rF+ Dex+3}
   (You bought it in a shop on level 12 of the Dungeon)

   [amulet of magic regeneration]

   It increases your rate of magic regeneration.
   Dex:       It affects your dexterity (+3).
   rF:        It protects you from fire.
 e - the ring of the Ban (on tentacle) {Wiz rElec Dex+5}
   (You found it in the Desolation of Salt)

   [ring of wizardry]

   It improves your spell success rate.
   Dex:       It affects your dexterity (+5).
   rElec:     It insulates you from electricity.
 n - the ring of the Hare (on tentacle) {EV+10}
   (You acquired it on level 1 of the Elven Halls)

   [ring of evasion]

   EV:        It affects your evasion (+10).
 p - a ring of flight
 s - a ring of the Octopus King (on tentacle) {rCorr HP+2 AC+2 EV+2 SH+2}
   (You bought it in a shop on level 3 of the Lair of Beasts)

   [ring of resist corrosion]

   AC:        It affects your AC (+2).
   EV:        It affects your evasion (+2).
   HP:        It affects your health (+2).
   rCorr:     It protects you from acid and corrosion.
   SH:        It affects your SH (+2).
 t - a ring of positive energy
 u - a ring of willpower (on tentacle)
 w - the ring "Woloeg" {rElec Dex+6}
   (You took it off an imperial myrmidon in the Desolation of Salt)

   [ring of dexterity]

   Dex:       It affects your dexterity (+6).
   rElec:     It insulates you from electricity.
 x - a ring of protection from cold (left tentacle)
 y - a +6 ring of intelligence (right tentacle)
 G - the ring "Myame" (on tentacle) {rPois rF+ Will+}
   (You bought it in a shop on level 14 of the Dungeon)

   [ring of protection from fire]

   rF:        It protects you from fire.
   rPois:     It protects you from poison.
   Will:      It increases your willpower.
 N - a ring of see invisible
 O - the ring "Kuosid" (on tentacle) {rC+ rCorr Int+6 Dex+3 Stlth-}
   (You bought it in a shop on level 4 of the Dungeon)

   [ring of resist corrosion]

   Int:       It affects your intelligence (+6).
   Dex:       It affects your dexterity (+3).
   rC:        It protects you from cold.
   rCorr:     It protects you from acid and corrosion.
   Stlth:     It makes you less stealthy.
 P - a +4 ring of protection
 V - a ring of positive energy
Wands
 A - a wand of flame (8)
 C - a wand of digging (6)
 M - a wand of light (15)
 R - a wand of mindburst (11)
 T - a wand of iceblast (5)
 W - a wand of charming (2)
Scrolls
 a - 6 scrolls of enchant armour
 b - 4 scrolls of enchant weapon
 d - 4 scrolls of fog
 g - 3 scrolls of brand weapon
 j - a scroll of poison
 k - 2 scrolls of magic mapping
 m - 3 scrolls of amnesia
 Q - a scroll of silence
Potions
 f - 6 potions of brilliance
 h - 10 potions of ambrosia
 l - a potion of berserk rage
 o - 4 potions of cancellation
 q - 2 potions of resistance
 r - 6 potions of might
 v - 5 potions of haste
 J - 4 potions of enlightenment
Miscellaneous
 H - a lightning rod (4/4)
 I - a box of beasts (inert)
 K - a condenser vane


   Skills:
 + Level 16.9 Fighting
 - Level 5.0 Staves
 + Level 15.6 Dodging
 - Level 6.3 Stealth
 + Level 18.7 Spellcasting
 - Level 1.7 Conjurations
 - Level 8.0 Fire Magic
 + Level 21.7 Air Magic


You had 16 spell levels left.
You knew the following spells:

 Your Spells              Type           Power      Damage    Failure   Level
a - Maxwell's Capacitive  Air            59%        ∞         1%          8
b - Airstrike             Air            59%        2d(9-25)  0%          4
c - Swiftness             Air            100%       N/A       0%          3
d - Plasma Beam           Fire/Air       62%        2x1d86    1%          6
e - Arcjolt               Conj/Air       46%        1d56      1%          5
f - Passage of Golubria   Tloc           37%        N/A       6%          4
g - Passwall              Tmut/Erth      30%        N/A       1%          2
h - Conjure Ball Lightni  Conj/Air       46%        3x3d16    1%          6
i - Vhi's Electric Charg  Tloc/Air       100%       N/A       1%          3

Your spell library contained the following spells:

 Spells                   Type           Power      Damage    Failure   Level
 Shock                    Conj/Air       100%       1d9       0%          1
 Static Discharge         Conj/Air       100%       2-7/arc   0%          2
 Apportation              Tloc           74%        N/A       1%          1
 Foxfire                  Conj/Fire      100%       2x1d9     1%          1
 Freeze                   Ice            100%       1d10      1%          1
 Kiss of Death            Conj/Necr      100%       2d13      1%          1
 Magic Dart               Conj           100%       1d8       1%          1
 Slow                     Hex            100%       N/A       1%          1
 Summon Small Mammal      Summ           100%       N/A       1%          1
 Call Imp                 Summ           74%        N/A       1%          2
 Ensorcelled Hibernation  Hex/Ice        74%        N/A       1%          2
 Lesser Beckoning         Tloc           74%        N/A       1%          2
 Momentum Strike          Conj/Tloc      88%        3d10      1%          2
 Poisonous Vapours        Pois/Air       100%       N/A       1%          2
 Searing Ray              Conj           100%       2d8       1%          2
 Sublimation of Blood     Necr           37%        N/A       1%          2
 Call Canine Familiar     Summ           37%        N/A       1%          3
 Confusing Touch          Hex            37%        N/A       1%          3
 Dazzling Flash           Conj/Hex       88%        N/A       1%          3
 Frozen Ramparts          Ice            74%        1d12      1%          3
 Gell's Gravitas          Tloc           37%        N/A       1%          3
 Hailstorm                Conj/Ice       44%        3d10      1%          3
 Ignite Poison            Fire/Tmut/Pois 73%        N/A       1%          3
 Mephitic Cloud           Conj/Pois/Air  79%        N/A       1%          3
 Portal Projectile        Hex/Tloc       74%        N/A       1%          3
 Spider Form              Tmut/Pois      37%        N/A       1%          3
 Stone Arrow              Conj/Erth      88%        3d12      1%          3
 Teleport Other           Tloc           37%        N/A       1%          3
 Tukima's Dance           Hex            37%        N/A       1%          3
 Volatile Blastmotes      Fire/Tloc      100%       2d18      1%          3
 Summon Lightning Spire   Summ/Air       90%        N/A       1%          4
 Silence                  Hex/Air        45%        N/A       1%          5
 Fireball                 Conj/Fire      42%        3d17      2%          5
 Fulminant Prism          Conj/Hex       22%        3d12      4%          4
 Iskenderun's Mystic Bla  Conj/Tloc      44%        2d10      4%          4
 Anguish                  Hex/Necr       18%        N/A       6%          4
 Dispel Undead            Necr           37%        3d15      6%          4
 Ice Form                 Ice/Tmut       37%        N/A       6%          4
 Leda's Liquefaction      Hex/Erth       18%        N/A       6%          4
 Petrify                  Tmut/Erth      37%        N/A       6%          4
 Summon Ice Beast         Ice/Summ       37%        N/A       6%          4
 Iskenderun's Battlesphe  Conj           51%        2d10      9%          5
 Irradiate                Conj/Tmut      22%        3d19      12%         5
 Starburst                Conj/Fire      42%        6d12      13%         6
 Alistair's Intoxication  Tmut/Pois      24%        N/A       17%         5
 Blade Hands              Tmut           18%        N/A       17%         5
 Lee's Rapid Deconstruct  Erth           18%        3d11*     17%         5
 Yara's Violent Unravell  Hex/Tmut       18%        3d9       17%         5
 Leda's Unmaking          Conj/Erth      22%        9d4       52%         6
 Eringya's Noxious Bog    Tmut/Pois      18%        N/A       65%         6
 Statue Form              Tmut/Erth      24%        N/A       65%         6
 Ignition                 Fire           50%        3d14      80%         8
 Orb of Destruction       Conj           25%        9d9       92%         7
 Ozocubu's Refrigeration  Ice            18%        4d11      99%         7
 Lehudib's Crystal Spear  Conj/Erth      22%        10d6      100%        8
 Summon Horrible Things   Summ           18%        N/A       100%        8
 Simulacrum               Ice/Necr       Unusable   N/A       N/A         6

Dungeon Overview and Level Annotations

Branches:
Dungeon (15/15)            Temple (1/1) D:7            Lair (5/5) D:11
  Swamp (4/4) Lair:3       Spider (4/4) Lair:3        Slime (0/5) Lair:4
    Orc (2/2) D:12            Elf (2/3) Orc:2        Vaults (5/5) D:13
  Crypt (0/3) Vaults:2     Depths (0/4) D:15          Sewer (visited)
 Bailey (visited)           IceCv (visited)         Desolation (visited)

Altars:
Ashenzari
Cheibriados
Dithmenos
Elyvilon
Fedhas
Gozag
Hepliaklqana
Kikubaaqudgha
Makhleb
Nemelex Xobeh
Okawaru
Qazlal
Ru
Sif Muna
Trog
Uskayaw
Vehumet
Wu Jian
Xom
Yredelemnul
Zin
The Shining One

Shops:
D:3 ((   D:4 =   D:8 [   D:10 ?   D:11 :   D:12 ===   D:13 **   D:14 =
Orc:2 *??=[[   Elf:1 :   Lair:3 =*[   Vaults:3 (   Vaults:4 :

Annotations:
Lair:5 2 transporters, exclusion: obsidian statue, goupaloupa's ghost, journeyman DsFi
Orc:1 exclusion: 2 orange crystal statues
Elf:2 2 runed translucent doors
Vaults:4 2 transporters


Innate Abilities, Weirdness & Mutations

You cannot wear most types of armour.
You are amphibious.
You can wear up to eight rings at the same time.
Your skin changes colour to match your surroundings (Stealth+).
Your rubbery body absorbs attacks. (AC +1, EV +1)
((You are camouflaged when in or above water. (Stealth+)))
You have tentacles for arms and can constrict up to eight enemies at once.


Message History

You feel charge building up... The fire elemental misses you.
You feel charge building up...
The +0 halberd of pain completely misses you.
The fire elemental is distracted by your dazzling golden aura.
You feel charge building up...
The +0 halberd of pain hits you from afar!
* * * LOW HITPOINT WARNING * * *
The electricity discharges through the fire elemental!!
The fire elemental vaporises in an electric haze!
You destroy the fire elemental!
The fire elemental disappears in a puff of smoke!
Unknown command.
Casting: Maxwell's Capacitive Coupling (dangerous; 1% risk of failure)
Confirm with . or Enter, or press ? or * to list all spells.
You don't know that spell.
Unknown command.
Casting: Maxwell's Capacitive Coupling (dangerous; 1% risk of failure)
Confirm with . or Enter, or press ? or * to list all spells.
Aiming: Passwall (safe; 1% risk of failure)
Press: ? - help, Dir - move target, f - you Please select a wall.
Okay, then.
Casting: Passwall (safe; 1% risk of failure)
Confirm with . or Enter, or press ? or * to list all spells.
Okay, then.
You feel better.
The +0 halberd of pain closely misses you.
The +0 halberd of pain hits you from afar!!
* * * LOW HITPOINT WARNING * * *
You feel better.
You block the +0 halberd of pain's attack.
You feel better.
You feel sluggish.
The +0 halberd of pain hits you from afar!
* * * LOW HITPOINT WARNING * * *
You feel better.
The +0 halberd of pain completely misses you.
The +0 halberd of pain hits you from afar!!
You die...
Your body crumbles into a pile of gold.

,,,,,,*,,,,,,,,,,,***,,,**#....+.
*,,,,,,,,,,,,,,,,,,*,,,,,*##'###.
*#.....,,,,,,,,,,,,,,,,,**#....#.
##.....**,,,**,,,**,,,,** #......
#.....****,****,****,,** #.....#
.....## *** *** *#######.....#
....$.## ######### #...#....(..#
#......# ##$......#####.#.).....#
*#.....###.$..(.@..## #.#.......#
##....)##...$....[..# #.#.......#
#..#..[')....###....###.##......#
...#..)'...### ###..)...###.....#
#$###.e##### ####...###.....#
...#..○+...### ###........'....<#
#..#...+.....###....#.....'.....#
##)....##...........#.#.###.....#
##.....###.........####.# ###''##


You could see a +0 halberd of pain.

Vanquished Creatures
  Mara (Vaults:2)
  Arachne (Spider:2)
  Jorgrun (D:12)
  Zenata (Vaults:1)
  A deep elf blademaster (Elf:2)
  3 sphinxes
  Frances (Elf:1)
  Kirke (Elf:1)
  3 thorn hunters
  Agnes (Elf:1)
  A storm dragon (Vaults:4)
  A tengu reaver (Vaults:2)
  Roxanne (Swamp:4)
  A fenstrider witch (Swamp:4)
  5 vault wardens
  An imperial myrmidon (Desolation)
  3 emperor scorpions (Spider:4)
  A deep elf sorcerer (Elf:1)
  3 ghost moths (Spider:4)
  Aizul (Vaults:1)
  10 ironbound preservers
  An orc warlord (Bailey)
  A reaper (IceCv)
  A war gargoyle (Vaults:3)
  2 stone giants
  3 broodmothers
  2 vampire knights (Swamp:4)
  Nessos (D:13)
  2 formless jellyfish (Vaults:3)
  5 ironbound thunderhulks
  An eleionoma (Swamp:2)
  6 bunyips
  A deep elf demonologist (Elf:2)
  3 halazid warlocks (Desolation)
  A deep elf annihilator (Elf:1)
  Snorg (Orc:2)
  A spark wasp (Spider:3)
  18 dire elephants
  2 crystal guardians
  9 yaktaur captains
  5 ragged hierophants (Desolation)
  3 great orbs of eyes
  2 shambling mangroves (Swamp:4)
  10 servants of whispers (Desolation)
  4 vault guards
  2 entropy weavers
  15 hydras
  10 peacekeepers
  2 ghost crabs (Swamp:3)
  An ogre mage (D:15)
  A radroach (shapeshifter) (D:15)
  11 centaur warriors
  5 ironbound frosthearts
  2 radroaches
  A death knight (D:14)
  3 boulder beetles
  7 alligators
  14 two-headed ogres
  28 dancing weapons
  The ghost of Woinavi the Basher, a journeyman GrFi of Gozag (Lair:2)
  3 catoblepae
  4 orc high priests (Orc:2)
  12 deep elf knights
  A tengu warrior (D:15)
  7 spriggans
  6 pharaoh ants
  3 skeletal warriors
  3 flayed ghosts (Swamp:4)
  A spectral anaconda (Lair:5)
  4 orb spiders
  A storm dragon skeleton (Vaults:3)
  A goliath frog (Swamp:3)
  8 deep elf archers
  25 deep trolls
  4 bog bodies
  2 orange crystal statues (Orc:1)
  12 swamp dragons
  5 spriggan druids
  5 wizards
  16 ironbound convokers
  6 steelbarb worms
  7 necromancers
  3 spectral hydras (Swamp:4)
  3 oklob plants (Swamp:4)
  A phantasmal warrior (D:14)
  21 deep elf pyromancers
  8 lindwurms
  13 deep elf zephyrmancers
  9 ugly things
  5 orc knights
  10 wolf spiders
  A harpy (D:13)
  4 orc sorcerers (Orc:2)
  3 manticores
  4 cyclopes
  5 will-o-the-wisps
  17 elephants
  2 moths of wrath (Spider:4)
  3 torpor snails
  6 guardian serpents (Desolation)
  A black mamba (Lair:2)
  A gargoyle (D:12)
  2 ice statues (IceCv)
  A molten gargoyle (Desolation)
  6 demonic crawlers
  14 vault sentinels
  Maggie (D:6)
  17 cane toads
  7 komodo dragons
  4 freezing wraiths
  11 rime drakes
  23 yaktaurs
  2 kobold demonologists (D:11)
  5 ice devils (IceCv)
  An anaconda simulacrum (IceCv)
  3 efreet
  A tengu conjurer (D:15)
  10 tyrant leeches
  2 death drake zombies (Swamp:4)
  A queen bee (Lair:4)
  3 bloated husks
  A polar bear (Lair:3)
  5 hornets
  9 meliai
  3 trolls
  A spectral elephant (Lair:5)
  2 hydra zombies (Swamp:4)
  61 saltlings (Desolation)
  23 tarantellas
  A hydra skeleton (Swamp:4)
  A death drake skeleton (Swamp:4)
  6 blink frogs
  5 dire elephant simulacra
  36 slime creatures
  3 air elementals
  14 culicivoras
  24 jumping spiders
  13 wyverns
  3 hogs (Elf:1)
  54 yaks
  4 wraiths
  7 basilisks
  3 fire elementals
  Menkaure (D:5)
  30 redbacks
  3 harpy simulacra (IceCv)
  4 wargs
  10 vampire mosquitoes
  2 death yak simulacra
  A glowing shapeshifter zombie (Vaults:3)
  19 water moccasins
  18 swamp worms
  Duvessa (D:6)
  6 hydra simulacra
  A sky beast (D:8)
  24 orc warriors
  9 swamp drakes
  An ice beast (D:7)
  A black bear (Lair:3)
  9 ogres
  A human zombie (Vaults:3)
  19 wolves
  16 centaurs
  An elephant zombie (Lair:5)
  2 swamp dragon skeletons (Swamp:4)
  2 elephant skeletons (Lair:5)
  2 phantoms
  Blork the orc (D:6)
  5 kobold brigands
  A two-headed ogre simulacrum (IceCv)
  5 scorpions
  10 bullfrogs
  3 cane toad simulacra
  2 gnoll sergeants
  An earth elemental (Elf:1)
  Dowan (D:6)
  13 wights
  An elephant simulacrum (Lair:5)
  27 killer bees
  2 electric eels (Lair:3)
  4 howler monkeys
  4 jellies
  3 hounds
  18 orc priests
  2 iguanas
  2 sleepcaps
  22 orc wizards
  5 hell rats (Lair:3)
  10 gnolls
  9 adders
  2 white imps (D:6)
  2 ufetubi
  3 worms
  A dart slug (D:3)
  64 orcs
  10 ball pythons
  7 bats
  6 endoplasms
  17 giant cockroaches
  13 goblins
  11 hobgoblins
  8 jackals (D:1)
  7 quokkas
  14 frilled lizards
  35 kobolds
  7 rats
1420 creatures vanquished.

Vanquished Creatures (collateral kills)
  A saltling (Desolation)
1 creature vanquished.

Vanquished Creatures (others)
  An ironbound convoker (Desolation)
  A deep elf pyromancer (Elf:1)
  A bloated husk (Swamp:2)
  A hornet (Swamp:2)
  A water elemental (Elf:1)
  A swamp worm (Swamp:2)
  A warg (Orc:2)
  An orc warrior (Orc:2)
  An orc wizard (Orc:2)
  2 orcs (Orc:2)
  6 ball lightnings (Elf:2)
  12 foxfires
29 creatures vanquished.

Grand Total: 1450 creatures vanquished

Notes
Turn   | Place    | Note
-------+----------+-------------------------------------------
     0 | D:1      | FelidPro the Octopode Air Elementalist began the quest for
                  | the Orb.
     0 | D:1      | Reached XP level 1. HP: 11/11 MP: 3/3
   107 | D:1      | Reached XP level 2. HP: 9/17 MP: 0/5
   589 | D:1      | Reached XP level 3. HP: 21/21 MP: 3/6
  2356 | D:3      | Found the amulet of Elemental Vulnerability {rPois rF--
                  | rC-- AC+8}
  2404 | D:3      | Reached XP level 4. HP: 27/27 MP: 7/7
  2417 | D:3      | Found Soel Tee's Weapon Shop.
  2539 | D:3      | Found a glowing drain.
  2548 | Sewer    | Entered a sewer
  2666 | Sewer    | Reached skill level 4 in Air Magic
  3032 | Sewer    | Noticed a bullfrog
  3033 | Sewer    | Noticed a bullfrog
  3037 | Sewer    | Killed a bullfrog
  3038 | Sewer    | Reached skill level 5 in Air Magic
  3038 | Sewer    | Reached XP level 5. HP: 30/31 MP: 4/8
  3040 | Sewer    | Reached XP level 6. HP: 32/36 MP: 4/9
  3619 | D:3      | Reached skill level 6 in Air Magic
  3634 | D:3      | Found Archob's Weapon Shoppe.
  3779 | D:3      | Found a basalt altar of Yredelemnul.
  3781 | D:3      | Found a sparkling altar of Nemelex Xobeh.
  3950 | D:3      | Found a stormy altar of Qazlal.
  3963 | D:3      | Learned a level 3 spell: Swiftness
  4914 | D:4      | Reached XP level 7. HP: 41/41 MP: 6/10
  5009 | D:4      | Reached skill level 7 in Air Magic
  5178 | D:4      | Found Nicucai's Jewellery Shoppe.
  5500 | D:4      | Learned a level 4 spell: Airstrike
  5606 | D:5      | Entered Level 5 of the Dungeon
  6047 | D:5      | Noticed Menkaure
  6077 | D:5      | Killed Menkaure
  6078 | D:5      | Reached skill level 8 in Air Magic
  6504 | D:5      | Reached XP level 8. HP: 46/46 MP: 7/11
  6507 | D:5      | Reached skill level 9 in Air Magic
  7200 | D:6      | Found the +8 trident of the Octopus King {venom, rElec
                  | rPois}
  7540 | D:6      | Reached skill level 1 in Fighting
  7756 | D:6      | Noticed Blork the orc
  7794 | D:6      | Killed Blork the orc
  8063 | D:6      | Noticed Maggie
  8100 | D:6      | Noticed Duvessa
  8100 | D:6      | Noticed Dowan
  8102 | D:6      | Killed Duvessa
  8150 | D:6      | Killed Dowan
  8522 | D:6      | Killed Maggie
  8523 | D:6      | Reached skill level 10 in Air Magic
  8523 | D:6      | Reached XP level 9. HP: 55/55 MP: 14/14
  8539 | D:7      | altar
  9819 | D:7      | Found a staircase to the Ecumenical Temple.
  9825 | Temple   | Entered the Ecumenical Temple
  9871 | Temple   | Became a worshipper of Gozag Ym Sagoz the Greedy
 10038 | D:8      | Found Ylall's Antique Armour Boutique.
 10078 | D:8      | Noticed a two-headed ogre
 10191 | D:8      | Found a flagged portal.
 10208 | Bailey   | Entered a bailey
 10301 | Bailey   | Noticed an orc warlord
 10602 | Bailey   | Found a runed translucent gate.
 10615 | Bailey   | Found a runed translucent gate.
 10745 | Bailey   | Found a runed translucent gate.
 11371 | Bailey   | Killed an orc warlord
 11372 | Bailey   | Reached skill level 5 in Dodging
 11372 | Bailey   | Reached skill level 5 in Spellcasting
 11372 | Bailey   | Reached skill level 11 in Air Magic
 11372 | Bailey   | Reached XP level 10. HP: 65/65 MP: 8/17
 11549 | D:8      | Killed a two-headed ogre
 11550 | D:8      | Reached skill level 5 in Fighting
 12549 | D:8      | Found a bloodstained altar of Trog.
 12765 | D:8      | Found a broken altar of Ashenzari.
 12770 | D:8      | Found a blossoming altar of Fedhas.
 12773 | D:8      | Found a shadowy altar of Dithmenos.
 12775 | D:8      | Found a burning altar of Makhleb.
 12780 | D:8      | Found an iron altar of Okawaru.
 13028 | D:9      | Reached skill level 5 in Stealth
 13287 | D:9      | Reached XP level 11. HP: 70/74 MP: 15/20
 13591 | D:9      | Noticed a two-headed ogre
 13621 | D:9      | Killed a two-headed ogre
 14612 | D:4      | Bought the ring "Kuosid" {rC+ rCorr Int+6 Dex+3 Stlth-} for
                  | 515 gold pieces
 14612 | D:4      | Bought a +4 ring of protection for 360 gold pieces
 14770 | D:6      | Noticed a cyclops
 14775 | D:6      | Killed a cyclops
 15018 | D:10     | Entered Level 10 of the Dungeon
 15403 | D:10     | Found Zeimiroe's Magic Scroll Shoppe.
 15411 | D:10     | Bought a scroll of teleportation for 36 gold pieces
 15411 | D:10     | Bought a scroll of identify for 24 gold pieces
 15411 | D:10     | Bought a scroll of identify for 24 gold pieces
 15857 | D:10     | Noticed a boulder beetle
 16919 | D:11     | Found Alimyst's Tiny Tomes.
 17212 | D:11     | Found a staircase to the Lair.
 17226 | D:11     | Reached skill level 12 in Air Magic
 17246 | D:11     | Noticed a manticore
 17293 | D:11     | Killed a manticore
 17874 | D:12     | Noticed a manticore
 17879 | D:12     | Killed a manticore
 17900 | D:12     | Noticed Jorgrun
 18021 | Lair:1   | Entered Level 1 of the Lair of Beasts
 18351 | Lair:1   | Reached XP level 12. HP: 82/82 MP: 0/23
 19905 | Lair:2   | Reached skill level 14 in Air Magic
 19905 | Lair:2   | Reached XP level 13. HP: 89/89 MP: 25/25
 20209 | Lair:2   | Found a transporter.
 20232 | Lair:2   | Found a transporter.
 20232 | Lair:2   | Noticed Woinavi's ghost (journeyman GrFi)
 20339 | Lair:2   | Reached skill level 15 in Air Magic
 20467 | Lair:2   | You are sucked into a shaft and drop 2 floors!
 21149 | Lair:2   | Identified the +2 pair of gloves of Amorality {Harm Dex+5}
 21872 | Lair:3   | Identified the +7 long sword of Ointment {venom, rPois
                  | Str+10 Dex-5}
 23704 | Lair:3   | Found a hole to the Spider Nest.
 23773 | Lair:3   | Reached skill level 10 in Dodging
 25353 | Lair:3   | Reached XP level 14. HP: 97/97 MP: 2/26
 26111 | Lair:3   | Found a staircase to the Swamp.
 26469 | Lair:3   | Reached skill level 16 in Air Magic
 26967 | Lair:3   | Bought a ring of the Octopus King for 145 gold pieces
 26967 | Lair:3   | Found the ring of the Octopus King {rCorr HP+2 AC+2 EV+2
                  | SH+2}
 26967 | Lair:3   | Found the ring of the Octopus King {rCorr HP+2 AC+2 EV+2
                  | SH+2}
 26967 | Lair:3   | Bought a potion of heal wounds for 145 gold pieces
 28588 | Lair:4   | Found a staircase to the Slime Pits.
 29477 | Lair:4   | Found an ancient bone altar of Kikubaaqudgha.
 29977 | Lair:5   | Entered Level 5 of the Lair of Beasts
 30618 | Lair:4   | Reached skill level 10 in Fighting
 31309 | Lair:5   | Found an ancient bone altar of Kikubaaqudgha.
 31916 | Lair:5   | Noticed a dire elephant
 31916 | Lair:5   | Noticed a dire elephant
 31917 | Lair:5   | Noticed a dire elephant
 32010 | Lair:4   | Learned a level 6 spell: Plasma Beam
 32113 | Lair:5   | Reached skill level 17 in Air Magic
 32117 | Lair:5   | Reached skill level 10 in Spellcasting
 33287 | Lair:5   | Found a transporter.
 33294 | Lair:5   | Noticed goupaloupa's ghost (journeyman DsFi)
 33886 | Lair:5   | Noticed a dire elephant
 33890 | Lair:5   | Killed a dire elephant
 34031 | Lair:5   | Found a transporter.
 34074 | Lair:5   | Found a bloodstained altar of Trog.
 34074 | Lair:5   | Identified the +2 flail of Subjectivity {heavy, rElec rF++
                  | rC- rN+}
 34262 | Lair:5   | Killed a dire elephant
 34398 | Lair:5   | Killed a dire elephant
 34634 | Lair:5   | Noticed a dire elephant
 34790 | Lair:5   | Identified the staff of fire "Civvumor" {rF+ rCorr Str-5
                  | SInv}
 35137 | Lair:5   | Reached XP level 15. HP: 103/103 MP: 21/30
 36394 | Lair:2   | Killed Woinavi's ghost
 36395 | Lair:2   | Reached skill level 1 in Fire Magic
 36815 | D:12     | Killed Jorgrun
 38000 | D:12     | Found a staircase to the Orcish Mines.
 38153 | D:13     | Noticed Nessos
 38336 | D:13     | Found a frozen archway.
 38342 | IceCv    | Entered an ice cave
 39693 | IceCv    | Identified a scroll of acquirement
 39695 | IceCv    | Acquired 1029 gold pieces
 40386 | D:13     | Found a gate to the Vaults.
 40396 | D:13     | Killed Nessos
 41484 | D:13     | Bought a scroll of blinking for 112 gold pieces
 41484 | D:13     | Bought a scroll of identify for 30 gold pieces
 41488 | D:13     | Bought a bubbling emerald potion for 27 gold pieces
 41562 | Orc:1    | Entered Level 1 of the Orcish Mines
 42777 | Orc:1    | Found a runed translucent door.
 43141 | Orc:1    | Found the +10 tower shield of Ignorance {rN+ Int-4}
 43147 | Orc:1    | Found a runed translucent door.
 43365 | Orc:2    | Entered Level 2 of the Orcish Mines
 43365 | Orc:2    | Found a staircase to the Elven Halls.
 43391 | Orc:2    | Found Erero's Assorted Antiques.
 43462 | Orc:2    | Found a flickering gateway to a bazaar.
 43609 | Bazaar   | Entered a bazaar
 43666 | Bazaar   | Found Luhiem's Jewellery Boutique.
 43688 | Bazaar   | Found Puereudgh's Jewellery Shoppe.
 43709 | Bazaar   | Found Olumefud's Book Boutique.
 43731 | Bazaar   | Found Fioh's Antique Armour Emporium.
 43770 | Bazaar   | Bought the amulet "Iliffialui" {Acrobat rN+ Slay+3} for 430
                  | gold pieces
 43770 | Bazaar   | Bought a ring of willpower for 200 gold pieces
 43884 | Orc:2    | Bought a scroll of teleportation for 36 gold pieces
 43884 | Orc:2    | Bought a scroll of identify for 24 gold pieces
 43884 | Orc:2    | Bought a scroll of identify for 24 gold pieces
 43884 | Orc:2    | Bought a scroll of identify for 24 gold pieces
 43884 | Orc:2    | Bought a scroll of identify for 24 gold pieces
 43884 | Orc:2    | Bought a scroll of identify for 24 gold pieces
 44267 | Orc:2    | Noticed Snorg
 44418 | Orc:2    | Killed Snorg
 45407 | Orc:2    | Reached XP level 16. HP: 112/112 MP: 2/32
 45742 | Orc:2    | Found Ownyfe's Antique Armour Shop.
 45742 | Orc:2    | Found Taciosul's Magic Scroll Emporium.
 45746 | Orc:2    | Found Haohuurph's Jewellery Emporium.
 45746 | Orc:2    | Found Keatuy's Armour Shop.
 45765 | Orc:2    | Bought a scroll of teleportation for 33 gold pieces
 45765 | Orc:2    | Bought a scroll of blinking for 82 gold pieces
 45765 | Orc:2    | Bought a scroll of teleportation for 33 gold pieces
 45989 | Spider:1 | Entered Level 1 of the Spider Nest
 46017 | Spider:1 | Reached skill level 18 in Air Magic
 46783 | Spider:1 | You fall into a shaft and drop 1 floor!
 47060 | Spider:1 | Reached skill level 5 in Fire Magic
 47525 | Spider:2 | Noticed Arachne
 48704 | Spider:2 | Killed Arachne
 50568 | Spider:4 | Entered Level 4 of the Spider Nest
 53643 | Spider:4 | Reached XP level 17. HP: 119/119 MP: 0/35
 55171 | Spider:4 | Got a gossamer rune of Zot
 55574 | Swamp:1  | Entered Level 1 of the Swamp
 55574 | Swamp:1  | You fall into a shaft and drop 1 floor!
 56041 | Swamp:1  | Reached skill level 15 in Spellcasting
 56982 | Swamp:1  | Reached skill level 19 in Air Magic
 59948 | Swamp:4  | Entered Level 4 of the Swamp
 60605 | Swamp:4  | Identified Roxanne's Opusculum on Transmutation
 60605 | Swamp:4  | Noticed Roxanne
 61323 | Swamp:4  | Reached XP level 18. HP: 129/129 MP: 25/38
 61498 | Swamp:4  | Killed Roxanne
 62386 | Swamp:4  | Identified the +5 war axe of Sunlight {holy, Will++ Dex-4}
 62735 | Swamp:4  | Reached skill level 1 in Staves
 63138 | Swamp:4  | Found a blossoming altar of Fedhas.
 63251 | Swamp:4  | Got a decaying rune of Zot
 63270 | Swamp:4  | Found a basalt altar of Yredelemnul.
 64124 | D:14     | Found a portal to a secret trove of treasure.
 64608 | D:14     | Found Viekhly's Jewellery Shoppe.
 64614 | D:14     | Bought the ring "Myame" {rPois rF+ Will+} for 501 gold
                  | pieces
 65086 | D:13     | Bought a scroll of fog for 60 gold pieces
 65086 | D:13     | Bought a scroll of fog for 60 gold pieces
 65165 | Orc:2    | Bought a scroll of fog for 48 gold pieces
 65742 | D:14     | You paid a toll of 6 scrolls of fog to enter a treasure
                  | trove
 65743 | Trove    | Entered a treasure trove
 65763 | Trove    | Got Heaheen's Octavo of Rot and Conflict
 65784 | Trove    | Got the Secrets of the Boreal Gang
 65802 | Trove    | Got the Encyclopedia of Fallacy
 65805 | Trove    | Got Sif Muna's Tractate on Breath and Generation
 65882 | Trove    | Learned a level 8 spell: Maxwell's Capacitive Coupling
 65888 | Trove    | Learned a level 5 spell: Arcjolt
 65971 | D:15     | Entered Level 15 of the Dungeon
 66778 | D:15     | Found a shimmering altar of Xom.
 67949 | D:15     | Found a staircase to the Depths.
 68535 | Vaults:1 | Entered Level 1 of the Vaults
 69191 | Vaults:1 | Noticed Aizul
 69282 | Vaults:1 | Killed Aizul
 70183 | Vaults:1 | Reached skill level 20 in Air Magic
 70545 | Vaults:1 | Noticed Zenata
 70550 | Vaults:1 | Killed Zenata
 71121 | Vaults:1 | Reached XP level 19. HP: 137/137 MP: 20/39
 72181 | Vaults:2 | Reached skill level 5 in Staves
 72309 | Vaults:2 | Identified the +3 mace "Hellblazer" {spect, rElec rPois}
 72455 | Vaults:2 | Found a staircase to the Crypt.
 72455 | Vaults:2 | Found an ancient bone altar of Kikubaaqudgha.
 72456 | Vaults:2 | Found a basalt altar of Yredelemnul.
 73800 | Vaults:2 | Noticed Mara
 73805 | Vaults:2 | Killed Mara
 74640 | Vaults:3 | Reached skill level 15 in Fighting
 77501 | Vaults:3 | Got the Octavo of the Blaze and Wounds
 77515 | Vaults:3 | Found Ring's Weapon Boutique.
 78077 | Vaults:4 | Reached XP level 20. HP: 146/146 MP: 9/41
 79518 | Vaults:4 | Identified the ring of the Invisible Hand {rCorr Str+2
                  | Dex+6}
 79519 | Vaults:4 | Found a transporter.
 79537 | Vaults:4 | Found a transporter.
 79592 | Vaults:4 | Reached skill level 21 in Air Magic
 79722 | Vaults:4 | Found Paicreg's Book Emporium.
 79781 | Vaults:4 | Identified the +1 plate armour of Instinct {Slay+2}
 80563 | Vaults:5 | Entered Level 5 of the Vaults
 82021 | D:12     | Bought the amulet "Dapoixu" {RegenMP rF+ Dex+3} for 1056
                  | gold pieces
 82110 | Elf:1    | Entered Level 1 of the Elven Halls
 82110 | Elf:1    | Found a runed translucent gate.
 82110 | Elf:1    | Found a runed translucent gate.
 82110 | Elf:1    | Found a runed translucent gate.
 82110 | Elf:1    | Found a runed translucent gate.
 82110 | Elf:1    | Found a runed translucent gate.
 82110 | Elf:1    | Found a runed translucent gate.
 82111 | Elf:1    | Found a runed translucent door.
 82166 | Elf:1    | Found Anainkup's Book Shoppe.
 82229 | Elf:1    | Noticed Frances
 82232 | Elf:1    | Killed Frances
 82276 | Elf:1    | Noticed Agnes
 82279 | Elf:1    | Killed Agnes
 82951 | Elf:1    | Noticed Kirke
 82962 | Elf:1    | Killed Kirke
 83513 | Elf:1    | Found a runed translucent door.
 83561 | Elf:1    | Found a runed translucent gate.
 83561 | Elf:1    | Found a runed translucent gate.
 83561 | Elf:1    | Found a runed translucent gate.
 84003 | Elf:1    | Acquired the ring of the Hare {EV+10}
 84003 | Elf:1    | Found the ring of the Hare {EV+10}
 84183 | Elf:2    | Found a crumbling gateway.
 84188 | Desolati | Entered the Desolation of Salt
 84376 | Desolati | Reached skill level 15 in Dodging
 84634 | Desolati | Identified the +7 chain mail of the Spheres {Will+}
 84824 | Desolati | Reached XP level 21. HP: 49/154 MP: 21/43
 84921 | Desolati | Identified the ring "Woloeg" {rElec Dex+6}
 85293 | Desolati | Identified the ring of the Ban {Wiz rElec Dex+5}
 85871 | Desolati | Got Myulag's Grimoire of Foul Fascination
 86002 | Desolati | Got Rogecapp's Almanac of the Tektite and Distance
 86010 | Desolati | Got Sif Muna's Grimoire of the Charmed Assassin
 86425 | Desolati | Learned a level 4 spell: Passage of Golubria
 86428 | Desolati | Learned a level 2 spell: Passwall
 86435 | Desolati | Learned a level 6 spell: Conjure Ball Lightning
 86439 | Desolati | Learned a level 3 spell: Vhi's Electric Charge
 87388 | Elf:2    | Found a large runed translucent door.
 87388 | Elf:2    | Found a large runed translucent door.
 87412 | Elf:2    | Found a large runed translucent door.
 87412 | Elf:2    | Found a large runed translucent door.
 88083 | Elf:2    | Slain by a +0 halberd of pain

Illustrated notes

#.. #.#
## #.# .
#.#.#
##.#. ...
#######.#
.......@#
#######.#
#.# ...
#.# ..#
###


Turn 8539 on D:7: altar

Levels and vault maps discovered:
D:1:      scummos_arrival_forest, layout_basic, chequers_hall_statues_wall_a
D:2:      layout_loops_ring, chequers_serial_rivers_marsh
D:3:      layout_loops_ring, mainiacjoe_overflow_chevrons,
          grunt_temple_overflow_open, serial_shops,
          nicolae_shop_tiny_real_fake_doors, shop, portal_sewer_entry_d
D:4:      layout_basic, serial_shops, shop, minmay_misc_feat_tower
D:5:      layout_loops_corners, kennysheep_generic_room_16, uniq_menkaure
D:6:      kennysheep_big_flooded_room, layout_loops_ring, uniq_blork_the_orc,
          uniq_maggie, uniq_duvessa
D:7:      layout_basic, temple_statues
D:8:      layout_rooms, nicolae_overflow_hallway_of_the_gods, enter_bailey_3,
          nrook_mini_backslash, nicolae_stop_n_shop_2
D:9:      layout_irregular_city
D:10:     layout_loops_ring, serial_shops, kennysheep_mini_moat,
          lemuel_flame_loot_1
D:11:     nicolae_cairo_tiling_large_dashed, layout_basic, lair_entry_dummy,
          nicolae_shop_i_like_small_books_too
D:12:     layout_long_grid, orc_0_dummy, uniq_jorgrun
D:13:     layout_grid_maze, david_vaults_1, portal_ice_cave_rime,
          item_on_display_a, uniq_nessos
D:14:     layout_roguey, enter_trove_2, minmay_misc_feat_x, serial_shops,
          nicolae_diamond_shop
D:15:     hangedman_depths_entry_civil_slaughter, layout_cave_pods, basic_altar
Temple:   nicolae_temple_bog_church
Lair:1:   layout_cave_pods
Lair:2:   hellmonk_ruined_rings, layout_regular_city, gammafunk_ghost_arena,
          serial_forest, infiniplex_forest_end_2, infiniplex_forest_lined_3,
          infiniplex_forest_clump_C, infiniplex_forest_side_room,
          infiniplex_forest_end_double, infiniplex_forest_clump_cross
Lair:3:   layout_roguey [special_room_mythical_zoo],
          nicolae_swamp_entry_splash_gauntlet, nicolae_spider_entry_non_spiders,
          serial_bayou, serial_bayou_pond_b, serial_bayou_crossing,
          serial_bayou_pond_a, serial_bayou_lake_a
Lair:4:   layout_cave_pods, slime_entry_1, special_room [special_room_bee],
          lemuel_centaur_altar, infiniplex_staircase_pool_2, grunt_megastairs_5
Lair:5:   due_jungle_book, layout_concentric_octagons,
          gammafunk_ghost_wrathful_warriors, basic_altar, grunt_megastairs_2
Swamp:1:  layout_basic_swamp, serial_swamp_ruin, evilmike_swamp_ruin_house_1,
          hangedman_swamp_ruin_wall, swamp_pool1, nicolae_swamp_round_clearing
Swamp:2:  layout_falls_marsh, evilmike_swamp_ruin_house_2, swamp_pool4
Swamp:3:  layout_basic_swamp, evilmike_swamp_ruin_house_5, st_swamp_ruins_2
Swamp:4:  byrel_swamp_growth_death_and_undeath, layout_basic_swamp,
          infiniplex_staircase_pool, uniq_roxanne
Spider:1: layout_spider_delve
Spider:2: layout_spider_delve, hangedman_spider_tarantella_strand, uniq_arachne
Spider:3: layout_spider_delve
Spider:4: grunt_spider_rune_parallel
Orc:1:    layout_caves, chequers_guarded_unrand_ignorance
Orc:2:    grunt_orc_tribal_feast, layout_caves, serial_shops, freezing_bzr,
          shop, uniq_snorg
Elf:1:    nicolae_elf_arrival_dilemma, layout_geoelf_diagonals, serial_shops,
          nicolae_shop_stone, minivault_28, corexii_leaking_fountain,
          nicolae_gammafunk_elf_defective_weapons_storage, uniq_frances,
          uniq_kirke, uniq_agnes
Elf:2:    elven_hall_of_blades_hangedman_alternative
          [nicolae_blade_entry_splitting_headache], layout_gridlike,
          mu_enter_wizlab_5, portal_desolation_entry_ruin
Vaults:1: ontoclasm_vaults_tryst, nicolae_vaults_tetromino_L_2,
          nicolae_vaults_sesquioval_fish, vaults_room_hallway,
          nicolae_vaults_weapon_check, nicolae_vaults_more_shelving_2,
          nicolae_vaults_apartment_1, vaults_room_door_ring,
          nicolae_vaults_sightless_eye, ontoclasm_vaults_spin,
          nicolae_vaults_trapezoid_3, layout_vaults_chaotic_city, serial_glass,
          uniq_zenata, uniq_aizul
Vaults:2: nicolae_vaults_trapezoid_layered, nicolae_vaults_branching_niches,
          nicolae_vaults_tetromino_L_2, minmay_crypt_entry_necro_gods,
          nicolae_vaults_tetromino_Z_1, nicolae_vaults_heart-shaped_vault,
          ontoclasm_vaults_ring_square, nicolae_vaults_specimen_jars,
          ontoclasm_vaults_idyll, vaults_room_fours,
          nicolae_vaults_network_periphery, v_rooms_4, vaults_room_fancy_cross,
          nicolae_vaults_circle_grid_a, layout_vaults_omnicross, uniq_mara
Vaults:3: nicolae_vaults_trapezoid_1, nicolae_vaults_shelves_hall,
          grunt_vaults_swirl, hangedman_vaults_pinch,
          nicolae_vaults_circle_grid_b, vaults_dpeg_cross, nicolae_vaults_theta,
          nicolae_vaults_mitosis, nicolae_vaults_network_star,
          nicolae_vaults_taking_the_gang_shopping, vaults_standard_mumra_lines,
          vaults_room_pool, layout_vaults_omnibox, uniq_margery
Vaults:4: nicolae_vaults_network_quinsquares
          [nicolae_vaults_network_quincunx_subvault,
          nicolae_vaults_network_quincunx_subvault,
          nicolae_vaults_network_quincunx_subvault,
          nicolae_vaults_network_quincunx_subvault],
          nicolae_vaults_network_barrier, v_pattern_2,
          vaults_standard_mumra_enter_the_diamond,
          nicolae_vaults_steering_wheel, v_misc_4,
          nicolae_vaults_diagonal_hallway_6, gammafunk_the_bubble
          [the_bubble_gammafunk_grid], ontoclasm_vaults_idyll,
          nicolae_vaults_tangram_2, nicolae_vaults_gold_heap,
          vaults_room_fancy_cross, layout_vaults_maze_bifur, serial_shops,
          nicolae_shop_back_alley_shop
Vaults:5: serial_shops

Skill      XL: |  1  2  3  4  5  6  7  8  9 10 11 12 13 14 15 16 17 18 19 20 21 |
---------------+----------------------------------------------------------------+-----
Stealth        | 3 5 6 |  6.3
Air Magic      | 5 6 8 10 11 12 14 15 17 18 19 20 21 | 21.7
Fighting       | 2 4 6 8 9 10 11 12 13 14 15 16 | 16.9
Dodging        | 4 5 6 8 10 11 12 14 15 | 15.6
Spellcasting   | 3 5 6 7 8 11 12 14 16 17 18 | 18.7
Fire Magic     | 4 5 6 8 |  8.0
Staves         | 4 5 |  5.0
Conjurations   | |  1.7

Action                     |  1- 3 |  4- 6 |  7- 9 | 10-12 | 13-15 | 16-18 | 19-21 || total
---------------------------+-------+-------+-------+-------+-------+-------+-------++-------
  Melee: Unarmed           |    60 |    21 |    11 |     7 |    29 |       |       ||   128
         Constrict         |    15 |     6 |     3 |     2 |     3 |       |       ||    29
         Tentacles         |     9 |     4 |     5 |     4 |    15 |     1 |     2 ||    40
         Punch             |       |     2 |       |       |       |       |       ||     2
         Staff             |       |       |       |       |    13 |     5 |     2 ||    20
   Cast: Shock             |    77 |   157 |   218 |   382 |   258 |     2 |       ||  1094
         Swiftness         |       |       |     3 |       |     6 |    11 |     1 ||    21
         Airstrike         |       |       |    52 |    96 |   522 |    66 |    31 ||   767
         Plasma Beam       |       |       |       |       |   141 |   529 |   329 ||   999
         Maxwell's Capacit |       |       |       |       |       |       |   110 ||   110
         Conjure Ball Ligh |       |       |       |       |       |       |     5 ||     5
         Passage of Golubr |       |       |       |       |       |       |     4 ||     4
         Passwall          |       |       |       |       |       |       |     2 ||     2
 Invoke: Call Merchant     |       |       |       |       |     5 |     1 |     3 ||     9
  Evoke: Wand              |       |       |     7 |     6 |    18 |     6 |     1 ||    38
         Lightning rod     |       |       |       |       |     4 |     4 |     1 ||     9
         Condenser vane    |       |       |       |       |     1 |     1 |     1 ||     3
         Box of beasts     |       |       |       |       |       |     1 |     1 ||     2
    Use: Potion            |     1 |     1 |     1 |     2 |     5 |     7 |    26 ||    43
         Scroll            |       |       |     5 |     3 |    38 |    14 |    20 ||    80
   Stab: Sleeping          |     3 |       |       |       |       |       |       ||     3
         Invisible         |       |       |       |       |       |     1 |       ||     1
 Armour: Skin              |    19 |    24 |    16 |    61 |    71 |    46 |     5 ||   242
  Dodge: Dodged            |    69 |    30 |    56 |   190 |   457 |   256 |   346 ||  1404
  Block: Other             |       |       |       |       |   147 |     3 |       ||   150
         Reflection        |       |       |       |       |     6 |       |       ||     6
         Buckler           |       |       |       |       |       |    72 |   109 ||   181

Table legend: (Time is in decaauts)
 A = Elapsed time spent in this place.
 B = Non-inter-level travel time spent in this place.
 C = Inter-level travel time spent in this place.
 D = Time resting spent in this place.
 E = Time spent auto-exploring this place.
 F = Levels seen in this place.
 G = Mean time per level.
                   A        B        C        D        E       F      G
               +--------+--------+--------+--------+--------+-----+--------+
         Total |  88053 |  80816 |   7237 |  32524 |  35108 |  44 | 2001.2 |
       Dungeon |  25341 |  22472 |   2869 |   5558 |  13837 |  15 | 1689.4 |
        Temple |    134 |    108 |     26 |      0 |     95 |   1 |  134.0 |
          Lair |  19758 |  17707 |   2051 |   8917 |   5800 |   5 | 3951.6 |
         Swamp |   7990 |   7588 |    402 |   4858 |   1921 |   4 | 1997.5 |
   Spider Nest |   9067 |   8659 |    408 |   4862 |   2610 |   4 | 2266.8 |
  Orcish Mines |   3720 |   3370 |    350 |   1627 |    920 |   2 | 1860.0 |
   Elven Halls |   3435 |   3387 |     48 |    956 |   1784 |   2 | 1717.5 |
        Vaults |  12244 |  11164 |   1080 |   3884 |   5957 |   5 | 2448.8 |
        Bazaar |    256 |    256 |      0 |     53 |     41 |   1 |  256.0 |
         Trove |    163 |    163 |      0 |      0 |     51 |   1 |  163.0 |
         Sewer |    753 |    753 |      0 |     68 |    554 |   1 |  753.0 |
        Bailey |   1333 |   1333 |      0 |    279 |    650 |   1 | 1333.0 |
      Ice Cave |   1464 |   1464 |      0 |    862 |    312 |   1 | 1464.0 |
    Desolation |   2386 |   2386 |      0 |    600 |    576 |   1 | 2386.0 |
               +--------+--------+--------+--------+--------+-----+--------+

Top non-repeatable levels by time:
  Lair:3: 5355 daAuts
  Lair:4: 5032 daAuts
  Lair:2: 4018 daAuts
  Lair:5: 3831 daAuts
Vaults:3: 3611 daAuts
Vaults:1: 3523 daAuts
    D:12: 3067 daAuts
Spider:3: 2805 daAuts
Vaults:4: 2787 daAuts
Spider:4: 2737 daAuts
 Swamp:3: 2461 daAuts
Desolation: 2386 daAuts
Vaults:2: 2320 daAuts
    D:15: 2304 daAuts
   Elf:1: 2274 daAuts
